| TOP OF THE 1ST |
|
Milwaukee (NYP) Brewers batting - Pitching for Hillsboro Hops : RHP Mike Stover
|
|
Pitching: RHP Mike Stover
|
|
|
Batting: RHB Brian Landrum
|
0-0: Called Strike 0-1: Ball 1-1: Foul Ball, location: 2F 1-2: Ball 2-2: Foul Ball, location: 2F 2-2: Strikes out swinging
|
|
Batting: LHB Paul Collins
|
0-0: Ball 1-0: Foul Ball, location: 2F 1-1: Ball 2-1: Foul Ball, location: 2F 2-2: Strikes out swinging
|
|
Batting: LHB Alfredo de la Cruz
|
0-0: Swinging Strike 0-1: Ball 1-1: Ball 2-1: Foul Ball, location: 2F 2-2: Ball 3-2: Foul Ball, location: 2F 3-2: Ground out U3 (Groundball, 3, EV 85.0 MPH)
|
| Top of the 1st over - 0 runs, 0 hits, 0 errors, 0 left on base; Milwaukee (NYP) 0 - Hillsboro 0 |
| BOTTOM OF THE 1ST |
|
Hillsboro Hops batting - Pitching for Milwaukee (NYP) Brewers : RHP Junzo Yanagisawa
|
|
Pitching: RHP Junzo Yanagisawa
|
|
|
Batting: RHB Yasuo Nakata
|
0-0: Ball 1-0: Foul Ball, location: 2F 1-1: Ball 2-1: Foul Ball, location: 2F 2-2: Foul Ball, location: 2F 2-2: Foul Ball, location: 2F 2-2: Strikes out swinging
|
|
Batting: RHB Brandon Joshua
|
0-0: Called Strike 0-1: Called Strike 0-2: Ball 1-2: Foul Ball, location: 2F 1-2: Ball 2-2: Foul Ball, location: 2F 2-2: Strikes out swinging
|
|
Batting: RHB Larry Hardman
|
0-0: Called Strike 0-1: Ball 1-1: SOLO HOME RUN (Flyball, 78XD, EV 115.6 MPH), Distance : 466 ft
|
|
Batting: RHB Chris Bittner
|
0-0: Ball 1-0: Called Strike 1-1: Called Strike 1-2: Ball 2-2: Strikes out swinging
|
| Bottom of the 1st over - 1 run, 1 hit, 0 errors, 0 left on base; Milwaukee (NYP) 0 - Hillsboro 1 |
| TOP OF THE 2ND |
|
Milwaukee (NYP) Brewers batting - Pitching for Hillsboro Hops : RHP Mike Stover
|
|
Batting: RHB Skyler Goss
|
0-0: Called Strike 0-1: Foul Ball, location: 2F 0-2: Strikes out looking
|
|
Batting: RHB Vinny Estrada
|
0-0: SINGLE (Groundball, 6M, EV 104.4 MPH) (infield hit)
|
|
Batting: LHB Aaron Mobley
|
0-0: Called Strike Vinny Estrada steals 2nd base (no throw) 0-1: Called Strike Vinny Estrada steals 3rd, throwing error, E2 Vinny Estrada scores 0-2: Ball 1-2: Foul Ball, location: 2F 1-2: Ball 2-2: Ball 3-2: Fly out, F7 (Flyball, 7, EV 85.6 MPH)
|
|
Batting: SHB Adam Slade
|
0-0: Called Strike 0-1: Foul Ball, location: 2F 0-2: Ball 1-2: Ball 2-2: Ball 3-2: Strikes out swinging
|
| Top of the 2nd over - 1 run, 1 hit, 1 error, 0 left on base; Milwaukee (NYP) 1 - Hillsboro 1 |
| BOTTOM OF THE 2ND |
|
Hillsboro Hops batting - Pitching for Milwaukee (NYP) Brewers : RHP Junzo Yanagisawa
|
|
Batting: RHB Jeremy Coffey
|
0-0: Ball 1-0: Fly out, F9 (Flyball, 89D, EV 88.8 MPH)
|
|
Batting: LHB Andy Wilmoth
|
0-0: Called Strike 0-1: Ball 1-1: Foul Ball, location: 2F 1-2: Strikes out swinging
|
|
Batting: RHB Jeremy Adams
|
0-0: Ball 1-0: Ball 2-0: Ball 3-0: Base on Balls
|
|
Batting: RHB Bryan Shuller
|
0-0: Ball Jeremy Adams steals 2nd base 1-0: Ball 2-0: Called Strike 2-1: Swinging Strike 2-2: Ball 3-2: Fly out, F9 (Flyball, 9S, EV 91.3 MPH)
|
| Bottom of the 2nd over - 0 runs, 0 hits, 0 errors, 1 left on base; Milwaukee (NYP) 1 - Hillsboro 1 |
| TOP OF THE 3RD |
|
Milwaukee (NYP) Brewers batting - Pitching for Hillsboro Hops : RHP Mike Stover
|
|
Batting: RHB Bobby McCann
|
0-0: Ball 1-0: Ball 2-0: Ball 3-0: Base on Balls
|
|
Batting: RHB Bryant Thies
|
0-0: Called Strike Bobby McCann steals 2nd base 0-1: Ball 1-1: Ball 2-1: Foul Ball, location: 2F 2-2: Foul Ball, location: 2F 2-2: DOUBLE (Flyball, 8LXD, EV 96.9 MPH) Bobby McCann scores
|
|
Batting: RHB Brian Landrum
|
0-0: Foul Ball, location: 2F 0-1: Swinging Strike 0-2: Ball 1-2: Strikes out looking
|
|
Batting: LHB Paul Collins
|
0-0: Ball Bryant Thies steals 3rd base 1-0: Called Strike 1-1: Foul Ball, location: 2F 1-2: Foul Ball, location: 2F 1-2: Ball 2-2: 2-RUN HOME RUN (Flyball, 9LD, EV 98.8 MPH), Distance : 355 ft
|
|
Batting: LHB Alfredo de la Cruz
|
0-0: Called Strike 0-1: Called Strike 0-2: Fly out, F8 (Flyball, 8LD, EV 92.5 MPH)
|
|
Batting: RHB Skyler Goss
|
0-0: Ground out U3 (Groundball, 3, EV 103.8 MPH)
|
| Top of the 3rd over - 3 runs, 2 hits, 0 errors, 0 left on base; Milwaukee (NYP) 4 - Hillsboro 1 |
| BOTTOM OF THE 3RD |
|
Hillsboro Hops batting - Pitching for Milwaukee (NYP) Brewers : RHP Junzo Yanagisawa
|
|
Batting: RHB Trevor Corey
|
0-0: Ball 1-0: Foul Ball, location: 2F 1-1: Called Strike 1-2: Foul Ball, location: 2F 1-2: Ground out 4-3 (Groundball, 4, EV 90.0 MPH)
|
|
Batting: RHB Yasuo Nakata
|
0-0: Foul Ball, location: 2F 0-1: Ground out 5-3 (Groundball, 56, EV 90.6 MPH)
|
|
Batting: RHB Brandon Joshua
|
0-0: Called Strike 0-1: Ball 1-1: Foul Ball, location: 2F 1-2: Strikes out swinging
|
| Bottom of the 3rd over - 0 runs, 0 hits, 0 errors, 0 left on base; Milwaukee (NYP) 4 - Hillsboro 1 |
| TOP OF THE 4TH |
|
Milwaukee (NYP) Brewers batting - Pitching for Hillsboro Hops : RHP Mike Stover
|
|
Batting: RHB Vinny Estrada
|
0-0: Ball 1-0: Fly out, F7 (Flyball, 78S, EV 84.4 MPH)
|
|
Batting: LHB Aaron Mobley
|
0-0: Foul Ball, location: 2F 0-1: Ball 1-1: Called Strike 1-2: Foul Ball, location: 2F 1-2: Ground out U3 (Groundball, 34, EV 105.6 MPH)
|
|
Batting: SHB Adam Slade
|
0-0: Called Strike 0-1: Ball 1-1: Called Strike 1-2: Foul Ball, location: 2F 1-2: Foul Ball, location: 2F 1-2: Ground out 4-3 (Groundball, 4MS, EV 90.0 MPH)
|
| Top of the 4th over - 0 runs, 0 hits, 0 errors, 0 left on base; Milwaukee (NYP) 4 - Hillsboro 1 |
| BOTTOM OF THE 4TH |
|
Hillsboro Hops batting - Pitching for Milwaukee (NYP) Brewers : RHP Junzo Yanagisawa
|
|
Batting: RHB Larry Hardman
|
0-0: Foul Ball, location: 2F 0-1: Called Strike 0-2: TRIPLE (Flyball, 9LD, EV 101.3 MPH)
|
|
Batting: RHB Chris Bittner
|
0-0: Swinging Strike 0-1: Swinging Strike 0-2: Ball 1-2: Ball 2-2: Foul Ball, location: 2F 2-2: Strikes out swinging
|
|
Batting: RHB Jeremy Coffey
|
0-0: Ball 1-0: Ball 2-0: Ground out 4-3 (Groundball, 4, EV 108.1 MPH) Larry Hardman scores
|
|
Batting: LHB Andy Wilmoth
|
0-0: Called Strike 0-1: Ball 1-1: Swinging Strike 1-2: Ground out U3 (Groundball, 3L, EV 79.4 MPH)
|
| Bottom of the 4th over - 1 run, 1 hit, 0 errors, 0 left on base; Milwaukee (NYP) 4 - Hillsboro 2 |
| TOP OF THE 5TH |
|
Milwaukee (NYP) Brewers batting - Pitching for Hillsboro Hops : RHP Mike Stover
|
|
Batting: RHB Bobby McCann
|
0-0: Called Strike 0-1: Ball 1-1: Ball 2-1: SINGLE (Groundball, 6S, EV 66.3 MPH) (infield hit)
|
|
Batting: RHB Bryant Thies
|
0-0: Ball 1-0: Called Strike 1-1: Ball 2-1: Fly out, F8 (Flyball, 8LD, EV 100.6 MPH)
|
|
Batting: RHB Brian Landrum
|
0-0: Ball Bobby McCann steals 2nd base 1-0: Ball 2-0: Foul Ball, location: 2F 2-1: Called Strike 2-2: Foul Ball, location: 2F 2-2: Foul Ball, location: 2F 2-2: Ball 3-2: 2-RUN HOME RUN (Flyball, 89XD, EV 116.3 MPH), Distance : 457 ft
|
|
Pitching: RHP Ted Koene
|
|
|
Batting: LHB Paul Collins
|
0-0: Ball 1-0: Called Strike 1-1: Called Strike 1-2: Foul Ball, location: 2F 1-2: SINGLE (Line Drive, 78M, EV 106.3 MPH)
|
|
Batting: LHB Alfredo de la Cruz
|
0-0: Called Strike 0-1: Ball 1-1: Foul Ball, location: 2F 1-2: Ball 2-2: Strikes out looking
|
|
Batting: RHB Skyler Goss
|
0-0: Ball 1-0: Ball 2-0: Ball 3-0: Base on Balls Paul Collins to second
|
|
Batting: RHB Vinny Estrada
|
0-0: Called Strike 0-1: Ball 1-1: Foul Ball, location: 2F 1-2: Foul Ball, location: 2F 1-2: Ball 2-2: Strikes out swinging
|
| Top of the 5th over - 2 runs, 3 hits, 0 errors, 2 left on base; Milwaukee (NYP) 6 - Hillsboro 2 |
| BOTTOM OF THE 5TH |
|
Hillsboro Hops batting - Pitching for Milwaukee (NYP) Brewers : RHP Junzo Yanagisawa
|
|
Batting: RHB Jeremy Adams
|
0-0: Ball 1-0: Swinging Strike 1-1: Foul Ball, location: 2F 1-2: Ball 2-2: SINGLE (Line Drive, 3D, EV 108.8 MPH)
|
|
Batting: RHB Bryan Shuller
|
0-0: Swinging Strike 0-1: Ball 1-1: Ball 2-1: Called Strike 2-2: Ball 3-2: Strikes out swinging
|
|
Pitching: RHP Odmar van de Vijver
|
|
|
Batting: RHB Trevor Corey
|
0-0: Ball 1-0: Ball 2-0: Swinging Strike 2-1: Foul Ball, location: 2F 2-2: Strikes out looking
|
|
Batting: RHB Yasuo Nakata
|
0-0: Called Strike 0-1: Ball 1-1: SINGLE (Groundball, 56, EV 105.6 MPH) (infield hit) Jeremy Adams to second
|
|
Pitching: LHP John Miller
|
|
|
Batting: RHB Brandon Joshua
|
0-0: Swinging Strike 0-1: Foul Ball, location: 2F 0-2: Strikes out looking
|
| Bottom of the 5th over - 0 runs, 2 hits, 0 errors, 2 left on base; Milwaukee (NYP) 6 - Hillsboro 2 |
| TOP OF THE 6TH |
|
Milwaukee (NYP) Brewers batting - Pitching for Hillsboro Hops : RHP Ted Koene
|
|
Batting: LHB Aaron Mobley
|
0-0: SINGLE (Line Drive, 78S, EV 96.3 MPH)
|
|
Batting: SHB Adam Slade
|
0-0: Ball Passed Ball! Aaron Mobley to second 1-0: Ball 2-0: Ball 3-0: Base on Balls
|
|
Batting: RHB Bobby McCann
|
0-0: Ball 1-0: Ball 2-0: Called Strike 2-1: Ball Wild Pitch! Aaron Mobley to third Adam Slade to second 3-1: Called Strike 3-2: DOUBLE (Line Drive, 9LM, EV 107.5 MPH) Aaron Mobley scores Adam Slade scores
|
|
Batting: RHB Bryant Thies
|
0-0: Called Strike 0-1: Ball 1-1: Fly out, F8 (Flyball, 8LXD, EV 106.3 MPH) Runner from 2nd tags up, SAFE at 3rd, no throw by CF
|
|
Batting: RHB Brian Landrum
|
0-0: Ball 1-0: Foul Ball, location: 2F 1-1: Ground out 4-3 (Groundball, 4M, EV 111.3 MPH) Bobby McCann scores
|
|
Batting: LHB Paul Collins
|
0-0: Foul Ball, location: 2F 0-1: Foul Ball, location: 2F 0-2: Foul Ball, location: 2F 0-2: Ball 1-2: Foul Ball, location: 2F 1-2: Strikes out swinging
|
| Top of the 6th over - 3 runs, 2 hits, 0 errors, 0 left on base; Milwaukee (NYP) 9 - Hillsboro 2 |
| BOTTOM OF THE 6TH |
|
Hillsboro Hops batting - Pitching for Milwaukee (NYP) Brewers : LHP John Miller
|
|
Batting: RHB Larry Hardman
|
0-0: Fly out, F7 (Flyball, 7LS, EV 80.0 MPH)
|
|
Batting: RHB Chris Bittner
|
0-0: Swinging Strike 0-1: Ball 1-1: Foul Ball, location: 2F 1-2: Ball 2-2: Ball 3-2: Foul Ball, location: 2F 3-2: Base on Balls
|
|
Batting: RHB Jeremy Coffey
|
0-0: Ball 1-0: Ball 2-0: Called Strike 2-1: Called Strike 2-2: Ball 3-2: Foul Ball, location: 2F 3-2: Foul Ball, location: 2F 3-2: Strikes out swinging
|
|
Batting: LHB Andy Wilmoth
|
0-0: Ball 1-0: Foul Ball, location: 2F 1-1: Ball Pickoff Throw to First - Out! 1-3
|
| Bottom of the 6th over - 0 runs, 0 hits, 0 errors, 0 left on base; Milwaukee (NYP) 9 - Hillsboro 2 |
| TOP OF THE 7TH |
|
Milwaukee (NYP) Brewers batting - Pitching for Hillsboro Hops : RHP Ted Koene
|
|
Batting: LHB Alfredo de la Cruz
|
0-0: Called Strike 0-1: Foul Ball, location: 2F 0-2: TRIPLE (Line Drive, 8RXD, EV 108.1 MPH)
|
|
Pitching: RHP Jose Arambula
|
|
|
Batting: RHB Skyler Goss
|
0-0: Ball 1-0: Ball 2-0: Foul Ball, location: 2F 2-1: Called Strike 2-2: Ball 3-2: Base on Balls
|
|
Batting: RHB Vinny Estrada
|
0-0: Ball 1-0: Foul Ball, location: 2F 1-1: Called Strike 1-2: Strikes out swinging
|
|
Batting: LHB Aaron Mobley
|
0-0: Ball 1-0: Ball 2-0: Called Strike 2-1: Ball 3-1: Base on Balls Skyler Goss to second
|
|
Batting: SHB Adam Slade
|
0-0: Called Strike 0-1: Called Strike 0-2: Ball 1-2: Hit by Pitch Alfredo de la Cruz scores Skyler Goss to third Aaron Mobley to second
|
|
Batting: RHB Bobby McCann
|
0-0: Swinging Strike 0-1: Called Strike 0-2: Strikes out swinging
|
|
Batting: RHB Bryant Thies
|
0-0: Ball 1-0: Ground out 2-3 (Groundball, 2L, EV 64.4 MPH)
|
| Top of the 7th over - 1 run, 1 hit, 0 errors, 3 left on base; Milwaukee (NYP) 10 - Hillsboro 2 |
| BOTTOM OF THE 7TH |
|
Hillsboro Hops batting - Pitching for Milwaukee (NYP) Brewers : LHP John Miller
|
|
Now at 3B: Brad Wren
|
|
|
Now in LF: Alfredo de la Cruz
|
|
|
Now in RF: Bryant Thies
|
|
|
Batting: LHB Andy Wilmoth
|
0-0: Ball 1-0: Called Strike 1-1: Ball 2-1: Ground out 6-3 (Groundball, 6, EV 105.0 MPH)
|
|
Batting: RHB Jeremy Adams
|
0-0: Ball 1-0: Swinging Strike 1-1: Swinging Strike 1-2: Foul Ball, location: 2F 1-2: Ball 2-2: Foul Ball, location: 2F 2-2: Ball 3-2: Ground out 6-3 (Groundball, 6D, EV 83.1 MPH)
|
|
Batting: RHB Bryan Shuller
|
0-0: Ground out 5-3 (Groundball, 5, EV 103.8 MPH)
|
| Bottom of the 7th over - 0 runs, 0 hits, 0 errors, 0 left on base; Milwaukee (NYP) 10 - Hillsboro 2 |
| TOP OF THE 8TH |
|
Milwaukee (NYP) Brewers batting - Pitching for Hillsboro Hops : RHP Jose Arambula
|
|
Batting: RHB Brian Landrum
|
0-0: Ball 1-0: Ball 2-0: Ball 3-0: Base on Balls
|
|
Batting: RHB Brad Wren
|
0-0: Called Strike 0-1: Grounds into double play, 6-4-3 (Groundball, 6, EV 78.8 MPH)
|
|
Batting: LHB Alfredo de la Cruz
|
0-0: Foul Ball, location: 2F 0-1: Foul Ball, location: 2F 0-2: Strikes out swinging
|
| Top of the 8th over - 0 runs, 0 hits, 0 errors, 0 left on base; Milwaukee (NYP) 10 - Hillsboro 2 |
| BOTTOM OF THE 8TH |
|
Hillsboro Hops batting - Pitching for Milwaukee (NYP) Brewers : LHP John Miller
|
|
Batting: RHB Trevor Corey
|
0-0: Fly out, F8 (Flyball, 8RS, EV 90.0 MPH)
|
|
Pinch Hitting: SHB Mike Kiefer
|
0-0: Called Strike 0-1: Ball 1-1: Swinging Strike 1-2: Foul Ball, location: 2F 1-2: Ball 2-2: Foul Ball, location: 2F 2-2: Ground out 6-3 (Groundball, 6S, EV 85.0 MPH)
|
|
Batting: RHB Brandon Joshua
|
0-0: Ball 1-0: Ball 2-0: Ball 3-0: Base on Balls
|
|
Batting: RHB Larry Hardman
|
0-0: Ball 1-0: Ball 2-0: Called Strike 2-1: Ground out 4-3 (Groundball, 13, EV 81.3 MPH)
|
| Bottom of the 8th over - 0 runs, 0 hits, 0 errors, 1 left on base; Milwaukee (NYP) 10 - Hillsboro 2 |
| TOP OF THE 9TH |
|
Milwaukee (NYP) Brewers batting - Pitching for Hillsboro Hops : RHP Jose Arambula
|
|
Now at 1B: Larry Valencia
|
|
|
Batting: RHB Skyler Goss
|
0-0: Ball 1-0: Ground out 3-1 (Groundball, 34S, EV 91.9 MPH)
|
|
Batting: RHB Vinny Estrada
|
0-0: Called Strike 0-1: Foul Ball, location: 2F 0-2: Ground out 6-3 (Groundball, 6, EV 88.1 MPH)
|
|
Batting: LHB Aaron Mobley
|
0-0: Called Strike 0-1: Called Strike 0-2: Ball 1-2: Ball 2-2: Strikes out swinging
|
| Top of the 9th over - 0 runs, 0 hits, 0 errors, 0 left on base; Milwaukee (NYP) 10 - Hillsboro 2 |
| BOTTOM OF THE 9TH |
|
Hillsboro Hops batting - Pitching for Milwaukee (NYP) Brewers : LHP John Miller
|
|
Batting: RHB Chris Bittner
|
0-0: Ball 1-0: Ball 2-0: SINGLE (Groundball, 56D, EV 110.0 MPH) (infield hit)
|
|
Pitching: RHP Javy Uribe
|
|
|
Batting: RHB Jeremy Coffey
|
0-0: Called Strike 0-1: Called Strike 0-2: Ball 1-2: Ball 2-2: Strikes out looking
|
|
Batting: LHB Andy Wilmoth
|
0-0: Ball 1-0: Swinging Strike 1-1: Swinging Strike 1-2: Strikes out swinging
|
|
Batting: RHB Jeremy Adams
|
0-0: Ball 1-0: Foul Ball, location: 2F 1-1: Ball 2-1: SINGLE (Line Drive, 34D, EV 95.6 MPH) Chris Bittner to second
|
|
Batting: RHB Bryan Shuller
|
0-0: Ball 1-0: Called Strike 1-1: Ball 2-1: Foul Ball, location: 2F 2-2: Strikes out swinging
|
| Bottom of the 9th over - 0 runs, 2 hits, 0 errors, 2 left on base; Milwaukee (NYP) 10 - Hillsboro 2 |
|